 Dungeon Crawl Stone Soup version 0.24.0-123-gd5b16e6ec5 (webtiles) character file.

Game seed: 3173748112329412104, levelgen mode: deterministic

368 Norian the Conjurer (level 6, -7/32 HPs)
             Began as a Deep Elf Conjurer on Dec 19, 2019.
             Mangled by Menkaure (20 damage)
             ... on level 4 of the Dungeon.
             The game lasted 00:04:11 (2513 turns).

Norian the Conjurer (Deep Elf Conjurer)             Turns: 2513, Time: 00:04:11

Health: -7/32      AC:  2    Str:  7    XL:     6   Next: 41%
Magic:  4/17       EV: 13    Int: 20    God:
Gold:   91         SH:  0    Dex: 15    Spells: 8/17 levels left

rFire    . . .     SeeInvis .   g - +0 short sword
rCold    . . .     Gourm    .   (no shield)
rNeg     . . .     Faith    .   a - +0 robe
rPois    .         Spirit   .   (no helmet)
rElec    .         Reflect  .   (no cloak)
rCorr    .         Harm     .   (no gloves)
MR       .....                  (no boots)
Stlth    ++........             (no amulet)
HPRegen  0.10/turn              (no ring)
MPRegen  0.15/turn              (no ring)

@: no status effects
A: no striking features
a: no special abilities


You were on level 4 of the Dungeon.
You were very hungry.

You visited 1 branch of the dungeon, and saw 4 of its levels.

You collected 151 gold pieces.
You spent 60 gold pieces at shops.

Inventory:

Hand Weapons
 g - a +0 short sword (weapon)
Armour
 a - a +0 robe (worn)
 k - a +0 helmet
Jewellery
 i - an uncursed ring of protection from fire {unknown}
Scrolls
 e - 7 scrolls of identify {unknown}
 f - 2 scrolls of magic mapping {unknown}
 h - a scroll of immolation {unknown}
 o - 3 scrolls of random uselessness {unknown}
 p - 2 scrolls of teleportation {unknown}
 q - a scroll of enchant armour {unknown}
Potions
 b - 2 potions of magic {unknown}
 d - 2 potions of haste {unknown}
 j - 2 potions of invisibility {unknown}
 l - 2 potions of curing {unknown}
 m - 3 potions of heal wounds
 n - 2 potions of degeneration
Comestibles
 c - 4 rations


   Skills:
 - Level 2.4 Dodging
 - Level 2.4 Stealth
 + Level 6.3 Spellcasting
 + Level 6.4 Conjurations
 + Level 3.1 Hexes


You had 8 spell levels left.
You knew the following spells:

 Your Spells              Type           Power        Failure   Level  Hunger
a - Magic Dart            Conj           ####         1%          1    None
b - Iskenderun's Mystic   Conj           ####....     7%          4    ####...
c - Fulminant Prism       Conj/Hex       ####......   14%         4    ####...

Your spell library contained the following spells:

 Spells                   Type           Power        Failure   Level  Hunger
 Searing Ray              Conj           ####..       1%          2    None
 Dazzling Spray           Conj/Hex       ####..       4%          3    ##.....
 Force Lance              Conj/Tloc      ###.....     26%         4    ####...


Dungeon Overview and Level Annotations

Branches:
Dungeon (4/15)
 Temple: D:4-7

Altars:
Cheibriados
Kikubaaqudgha
Uskayaw
Zin

Shops:
D:4 !

Annotations:
D:4 2 runed translucent doors, Menkaure; marak's ghost, novice OpEE


Message History

Okay, then.
Casting: Magic Dart (safe; 1% risk of failure)
Confirm with . or Enter, or press ? or * to list all spells.
Aiming: Magic Dart (safe; 1% risk of failure)
Press: ? - help, Shift-Dir - straight line, f - Menkaure
Aim: Menkaure (moderately damaged, fast)
The magic dart hits Menkaure.
Menkaure is moderately damaged.
Menkaure hits you!!
Ouch! That really hurt!
Casting: Magic Dart (safe; 1% risk of failure)
Confirm with . or Enter, or press ? or * to list all spells.
Aiming: Magic Dart (safe; 1% risk of failure)
Press: ? - help, Shift-Dir - straight line, f/p - Menkaure
Aim: Menkaure (moderately damaged, fast)
The magic dart hits Menkaure.
Menkaure is severely damaged.
Menkaure hits you!!
Ouch! That really hurt!
You die... #.......# #.......## .OO

#........#........##
###........#........#.
#.....................
#...................O.
#.....#..#.#........#.
#....@.)..O...........
#....M...#'#####......
#.......#............!
#.......#.....O.......
#..................#..
#..................# #
#..................#
##'#...............#
##'##..............#


You could see an ogre and Menkaure.

Vanquished Creatures
  An ogre (D:4)
  A scorpion (D:4)
  A howler monkey (D:4)
  An orc wizard (D:3)
  A bullfrog skeleton (D:4)
  A worker ant (D:4)
  Robin (D:2)
  4 adders (D:2)
  An ooze (D:1)
  A worm (D:2)
  3 dart slugs
  A leopard gecko (D:2)
  4 orcs (D:3)
  3 giant cockroaches
  14 goblins
  7 hobgoblins
  A quokka (D:2)
  A ball python (D:1)
  2 bats
  3 frilled lizards
  5 kobolds
  2 rats (D:3)
59 creatures vanquished.

Vanquished Creatures (others)
  2 fulminant prisms (D:4)
2 creatures vanquished.

Grand Total: 61 creatures vanquished

Notes
Turn   | Place    | Note
-------+----------+-------------------------------------------
     0 | D:1      | Norian the Deep Elf Conjurer began the quest for the Orb.
     0 | D:1      | Reached XP level 1. HP: 10/10 MP: 6/6
    81 | D:1      | Reached XP level 2. HP: 15/15 MP: 2/8
   802 | D:2      | Reached skill level 5 in Conjurations
   802 | D:2      | Reached XP level 3. HP: 18/19 MP: 0/10
   954 | D:2      | Found a glowing silver altar of Zin.
   954 | D:2      | Found an ancient bone altar of Kikubaaqudgha.
  1038 | D:2      | Noticed Robin
  1076 | D:2      | Killed Robin
  1186 | D:2      | Reached XP level 4. HP: 24/24 MP: 9/12
  1351 | D:2      | Reached skill level 5 in Spellcasting
  1602 | D:3      | Found a hide-covered altar of Uskayaw.
  1602 | D:3      | Noticed a +0 dagger
  1603 | D:3      | Noticed a +0 dagger
  1749 | D:3      | Learned a level 4 spell: Iskenderun's Mystic Blast
  1754 | D:3      | Learned a level 4 spell: Fulminant Prism
  1791 | D:3      | Reached XP level 5. HP: 28/28 MP: 12/14
  1863 | D:3      | Found a snail-covered altar of Cheibriados.
  2167 | D:4      | Found a runed translucent gate.
  2167 | D:4      | Noticed marak's ghost (novice OpEE)
  2168 | D:4      | Found a runed translucent gate.
  2216 | D:4      | Reached skill level 1 in Hexes
  2377 | D:4      | Found Cyrchyntaa's Distillery.
  2380 | D:4      | Bought a potion of degeneration for 10 gold pieces
  2380 | D:4      | Bought a potion of heal wounds for 50 gold pieces
  2441 | D:4      | Reached XP level 6. HP: 32/32 MP: 11/17
  2493 | D:4      | Noticed Menkaure
  2513 | D:4      | Mangled by Menkaure

Levels and vault maps discovered:
D:1:      shiori_arrival_maze, layout_basic, serial_forest,
          infiniplex_forest_end_3, infiniplex_forest_fountain,
          infiniplex_forest_lined_room_2, infiniplex_forest_straight_3,
          infiniplex_forest_clump_small, infiniplex_forest_corner_1
D:2:      layout_loops_ring, gammafunk_temple_overflow_statue, uniq_robin
D:3:      layout_basic, kennysheep_slug_shrine, dancing_weapons_uskayaw
D:4:      layout_basic, serial_shops, kennysheep_mini,
          biasface_ghost_orc_armoury, uniq_menkaure

Skill      XL: |  1  2  3  4  5  6 |
---------------+-------------------+-----
Spellcasting   | 4 5 6 |  6.3
Conjurations   | 5 6 |  6.4
Hexes          | 2 3 |  3.1
Dodging        | |  2.4
Stealth        | |  2.4

Action                   |  1- 3 |  4- 6 || total
-------------------------+-------+-------++-------
Melee: Short sword       |     5 |       ||     5
 Cast: Magic Dart        |    63 |    78 ||   141
       Iskenderun's Myst |       |     2 ||     2
       Fulminant Prism   |       |     2 ||     2
  Eat: Chunk             |       |     4 ||     4
Armor: Robe              |     1 |     1 ||     2
Dodge: Dodged            |    14 |     5 ||    19
